Map: Apothéose EC

Players

Worming - Winner!

  • Race: Zerg Zerg
  • League: Diamond

Bertman

  • Race: Terran Terran
  • League: Diamond

VOD

Have the link to the VOD?

Description

Time

  • Played on: Aug. 15, 2016, 2:05 p.m.
  • Length: 19:03
Show
View Real Time Build Order
Export as new Build Order

Worming Zerg - Winner!

Build Orders: Hatch First 

Get SALT Encoding   

  12  0:01  Drone  
  13  0:12  Overlord  
  13  0:17  Drone  
  14  0:33  Drone x2  
  16  0:37  Drone  
  17  0:55  Drone  
  18  0:57  Hatchery  
  18  0:59  Extractor  
  18  1:01  Drone  
  17  1:16  Spawning Pool  
  16  1:29  Drone  
  16  1:30  Drone x2  
  19  1:40  Drone  
  20  1:52  Drone  
  21  2:01  Drone  
  21  2:03  Metabolic Boost  
  22  2:08  Queen  
  22  2:09  Queen  
  22  2:13  Drone  
  27  2:15  Overlord  
  27  2:26  Drone  
  28  2:34  Drone x3  
  31  2:47  Zergling x4  
  32  2:55  Overlord  
  32  2:58  Drone  
  33  3:14  Zergling x6  
  35  3:25  Zergling x8  
  35  3:26  Zergling x4  
  41  3:31  Queen  
  43  3:38  Hatchery  
  43  3:39  Zergling x2  
  43  3:40  Zergling x2  
  44  3:45  Spine Crawler, Roach Warren  
  44  3:46  Queen  
  42  3:56  Overlord x2  
  42  4:02  Overlord  
  42  4:11  Overlord  
  42  4:19  Drone x3  
  42  4:20  Drone x3  
  48  4:32  Drone x2  
  48  4:33  Drone x2  
  52  4:50  Extractor  
  51  4:53  Evolution Chamber, Extractor  
  51  4:54  Drone x3, Evolution Chamber  
  51  4:55  Drone x3  
  51  4:56  Drone  
  55  5:03  Zergling x2  
  55  5:04  Zergling x8  
  60  5:08  Lair  
  60  5:33  Drone x9  
  69  5:38  Zerg Missile Weapons Level 1, Zerg Ground Armor Level 1  
  69  5:47  Spine Crawler  
  69  5:50  Drone x3  
  71  5:58  Spine Crawler  
  71  5:59  Roach  
  71  6:00  Roach x4  
  71  6:02  Overlord  
  80  6:07  Glial Reconstitution  
  79  6:26  Drone  
  79  6:27  Drone  
  79  6:28  Overlord  
  79  6:29  Overlord  
  81  6:39  Overlord x4  
  81  6:46  Overlord  
  81  6:49  Drone  
  81  6:50  Zergling x4  
  84  7:05  Infestation Pit  
  84  7:06  Extractor  
  84  7:07  Drone x14  
  95  7:09  Extractor  
  95  7:11  Drone, Extractor  
  91  7:29  Spawning Pool  
  88  7:33  Queen  
  88  7:34  Queen  
  90  7:39  Drone x2  
  92  7:44  Pathogen Glands  
  92  7:45  Drone  
  92  7:46  Drone x2  
  92  7:49  Drone x3  
  92  7:50  Drone x2  
  100  7:51  Overlord  
  100  7:55  Zerg Missile Weapons Level 2  
  100  7:56  Spine Crawler  
  100  7:57  Zerg Ground Armor Level 2  
  99  8:11  Burrow  
  96  8:32  Zergling x14  
  96  8:33  Roach x7  
  99  8:43  Roach  
  99  8:44  Roach x5  
  99  8:45  Queen x2  
  109  9:15  Spore Crawler  
  108  9:19  Infestor x3  
  108  9:20  Infestor x2  
  108  9:22  Zergling x12  
  123  9:36  Roach x5  
  131  9:47  Spore Crawler  
  131  9:51  Overseer  
  125  9:57  Spore Crawler  
  123  10:19  Roach x10  
  123  10:20  Roach  
  123  10:21  Overlord x2  
  145  10:22  Hatchery  
  145  10:25  Hatchery  
  139  10:41  Ravager x4  
  139  10:42  Ravager  
  142  10:49  Roach  
  134  10:50  Roach x9  
  140  11:03  Roach x2  
  140  11:04  Zergling x2, Roach x3  
  149  11:26  Roach x6  
  149  11:30  Overlord x3  
  161  11:41  Drone x4  
  162  11:58  Overseer  
  162  11:59  Pneumatized Carapace  
  162  12:00  Hive  
  162  12:01  Zerg Melee Weapons Level 1  
  162  12:05  Drone x2  
  164  12:10  Drone x4  
  164  12:11  Extractor  
  158  12:30  Drone x3  
  161  12:37  Zergling x10  
  161  12:38  Roach x8  
  161  12:43  Extractor  
  181  12:44  Infestor x3  
  181  12:45  Infestor  
  189  12:57  Hydralisk Den  
  188  13:00  Ravager  
  188  13:01  Ravager x3  
  188  13:02  Ravager  
  188  13:03  Ravager x2  
  188  13:04  Ravager  
  195  13:35  Infestor  
  195  13:42  Overlord x3  
  195  13:43  Overlord x3  
  195  13:44  Lair  
  195  13:46  Muscular Augments  
  185  14:13  Infestor x3  
  185  14:15  Zergling x2, Roach x5  
  199  14:42  Extractor  
  189  15:20  Drone x3  
  192  15:21  Extractor  
  191  15:30  Hatchery  
  190  15:36  Hive  
  190  15:37  Lurker Den  
  190  15:39  Hydralisk x5  
  200  16:01  Hatchery  
  198  16:05  Overlord x3  
  198  16:06  Overseer x3  
  147  16:43  Roach  
  147  16:44  Roach x11  
  161  16:57  Roach  
  161  16:58  Roach x4  
  169  17:11  Spire  
  169  17:12  Ultralisk Cavern  
  164  17:40  Infestor x4  
  164  17:42  Roach x9  
  190  17:49  Evolution Chamber  
  189  17:52  Evolution Chamber  
  189  17:53  Infestor x2  
  188  18:01  Ultralisk x2  
  200  18:08  Overlord x2  
  158  18:32  Corruptor x8  
  174  18:41  Drone  
  174  18:42  Drone x2  
  174  18:43  Drone  
  174  18:44  Drone x5  
  174  18:46  Extractor  
  174  18:48  Extractor  
Show
View Real Time Build Order
Export as new Build Order

Bertman Terran 

Build Orders: MMM Bio 

Get SALT Encoding   

  12  0:01  SCV  
  13  0:13  SCV  
  14  0:17  Supply Depot  
  14  0:25  SCV  
  15  0:39  Barracks, SCV  
  16  0:45  Refinery  
  16  0:51  SCV  
  17  1:03  SCV  
  18  1:07  Barracks  
  18  1:15  SCV  
  19  1:29  Reaper  
  19  1:31  Orbital Command  
  20  1:42  Barracks  
  20  1:57  SCV  
  20  1:58  Refinery  
  20  1:59  Reaper  
  22  2:05  Reaper  
  23  2:11  Supply Depot  
  23  2:32  Reaper, SCV  
  23  2:34  Reaper  
  26  2:51  Reaper  
  27  3:04  Reaper  
  28  3:09  Reaper  
  29  3:23  Reaper  
  29  3:24  SCV  
  31  3:30  Command Center  
  31  3:51  Barracks Tech Lab, Reaper  
  31  4:01  Supply Depot, Barracks Reactor  
  31  4:02  Factory  
  31  4:11  SCV  
  31  4:15  Stimpack  
  31  4:22  Marine  
  31  4:23  Engineering Bay, SCV  
  33  4:25  Barracks Reactor  
  33  4:35  SCV  
  34  4:40  Marine x2  
  34  4:41  Marine  
  34  4:43  Orbital Command  
  37  4:47  SCV  
  37  4:48  Starport  
  37  4:49  Factory Reactor  
  38  4:59  SCV  
  39  5:03  Marine x3  
  39  5:04  Marine  
  43  5:09  Terran Infantry Weapons Level 1  
  43  5:11  SCV  
  43  5:21  Marine x3  
  43  5:22  Marine  
  43  5:25  Orbital Command, Marine  
  49  5:33  Medivac  
  50  5:36  SCV  
  51  5:44  Supply Depot  
  51  5:48  SCV  
  52  5:50  SCV  
  53  6:00  SCV  
  54  6:05  Marine  
  54  6:06  Supply Depot, SCV  
  54  6:07  Supply Depot  
  54  6:08  Medivac  
  58  6:25  Marine, SCV x2  
  54  6:26  Marine x4  
  54  6:27  Factory Reactor  
  59  6:34  Supply Depot  
  59  6:36  Supply Depot  
  59  6:37  SCV x2  
  61  6:43  Medivac, Marine  
  61  6:44  Medivac, Marine x2  
  61  6:45  Marine  
  61  6:46  Marine  
  70  6:48  Combat Shields  
  70  6:54  SCV x2  
  72  7:02  Marine  
  72  7:03  Marine x3  
  72  7:04  Widow Mine x2, Marine  
  81  7:12  Supply Depot  
  81  7:14  Supply Depot  
  81  7:25  Marine x2  
  81  7:26  Marauder, Marine  
  86  7:37  Widow Mine x2, Medivac  
  84  7:49  SCV x2  
  86  7:53  Refinery, Command Center  
  86  7:55  Refinery  
  86  7:56  Terran Infantry Armor Level 1  
  86  7:57  Barracks  
  86  7:58  Barracks  
  86  7:59  Marine  
  86  8:02  SCV x2  
  89  8:15  Marine x2  
  89  8:16  Widow Mine x2, Marauder  
  89  8:18  Marine x2  
  86  8:41  Marine x3  
  86  8:44  Marine x3  
  86  8:45  Widow Mine  
  86  8:46  Widow Mine, Marauder  
  98  8:55  Medivac x2  
  101  9:01  Marine x2  
  101  9:02  Concussive Shells  
  103  9:03  SCV x2  
  103  9:07  Engineering Bay, Armory  
  105  9:12  Barracks Tech Lab  
  105  9:13  Barracks Reactor, Marine x2  
  105  9:14  Marauder  
  109  9:23  Marine x2  
  111  9:35  Marauder  
  113  9:47  Marine  
  113  9:48  Widow Mine x2, Marauder, Marine  
  113  9:49  Medivac  
  113  9:50  Marine x2  
  125  9:59  Marine x2  
  125  10:01  Marauder  
  125  10:11  Planetary Fortress  
  125  10:41  Marine  
  125  10:43  SCV  
  125  10:44  Marine, SCV  
  125  10:45  Marine  
  125  10:46  Marine x4  
  125  10:48  Widow Mine x2, Marauder  
  109  10:59  Marine  
  109  11:02  Marine  
  109  11:03  Marine  
  109  11:04  Marauder, Marine x3  
  111  11:05  Medivac x2  
  111  11:09  Marine  
  116  11:17  Marine  
  100  11:22  Marine x2  
  100  11:23  Marine x3  
  100  11:24  SCV x3  
  110  11:25  Marauder  
  110  11:26  Terran Infantry Weapons Level 2  
  108  11:36  SCV x2  
  108  11:37  SCV  
  111  11:48  Marine x4  
  111  11:49  Widow Mine x2, Marauder x2, Marine x2  
  125  11:55  SCV x2  
  125  12:00  Refinery  
  125  12:01  Refinery  
  125  12:46  Widow Mine x2, Marine x3  
  125  12:47  Medivac, Marine x4, Marauder, SCV  
  125  12:48  Command Center, Supply Depot x3  
  141  12:54  Fusion Core  
  141  12:55  Starport  
  141  13:09  Marine x6  
  141  13:10  Medivac, Marauder, Marine  
  141  13:12  Supply Depot  
  152  13:15  Widow Mine x2  
  152  13:17  Medivac  
  158  13:27  Marine x6  
  158  13:31  Marauder  
  152  13:42  Marine  
  152  13:45  Marauder, Marine x2  
  152  13:48  Widow Mine x2  
  157  13:52  Marauder  
  137  14:17  Marine x2  
  137  14:18  Marine x4  
  137  14:23  Marine x2  
  145  14:25  Starport Tech Lab  
  145  14:34  Widow Mine  
  145  14:35  Medivac, Marine x4  
  151  14:47  Marine x3  
  151  14:48  Marauder  
  150  14:58  Marine  
  150  14:59  Widow Mine, Medivac  
  153  15:03  Advanced Ballistics  
  153  15:05  Medivac, Command Center, Marauder  
  147  15:07  Liberator  
  147  15:12  Marine  
  147  15:13  Marine x5  
  144  15:16  Marine  
  139  15:26  Marine  
  141  15:30  Marine  
  141  15:31  Hellion  
  141  15:32  Hellion  
  141  15:33  Marauder  
  148  15:40  Planetary Fortress  
  148  15:48  Liberator x2  
  148  15:55  Liberator  
  148  16:06  Marine x2  
  148  16:07  Marine x3  
  148  16:08  Widow Mine x2, Marauder x2  
  116  16:29  Marine x3  
  116  16:32  Marine x3  
  102  16:33  Marauder x2  
  97  16:47  Marine x3  
  97  16:50  Marine  
  88  16:54  Marauder  
  88  16:58  Marine x2  
  88  16:59  Widow Mine, Marauder  
  92  17:08  Marine  
  92  17:09  Marine x2  
  95  17:17  Planetary Fortress  
  93  17:34  Marine x3  
  93  17:35  Marauder  
  91  17:45  SCV x2  
  93  18:04  Marine x2  
  93  18:05  Marine x2  
  96  18:18  Marine x3  
  96  18:19  Marauder  
  91  18:22  Marine  
  91  18:26  Marine  
  88  18:27  SCV x3  
  91  18:39  SCV x2  
  91  18:40  Marine  
Tags
 
Composition
MMM Bio
Matchup
TvZ
Replay Pack
replay pack
Add a new tag
Caveats
  • Supply blocks, unpowered buildings, or Contaminate may cause inaccurate times.
  • Supply counts are checked every 10 seconds.